 Dungeon Sprint DCSS version 0.22-a0-40-g3d2f077 (webtiles) character file.

24156 Faca the Fencer (level 13, -16/116 HPs)
             Began as a Formicid Fighter on Jan 4, 2018.
             Was the Champion of Cheibriados.
             Killed from afar by a thorn hunter (33 damage)
             ... with a volley of thorns
             ... in the Dungeon (Sprint IX: "|||||||||||||||||||||||||||||").
             The game lasted 00:13:10 (2895 turns).

Faca the Fencer (Formicid Fighter)                  Turns: 2895, Time: 00:13:11

Health: -16/116    AC: 26    Str: 40    XL:     13   Next: 40%
Magic:  23/23      EV:  9    Int: 24    God:    Cheibriados [******]
Gold:   1596       SH: 27    Dex: 28    Spells: 12/12 levels left

rFire    . . .     SeeInvis +   p - +2 scimitar (flame)
rCold    . . .     Gourm    .   B - +1 large shield
rNeg     . . .     Faith    .   A - +2 plate armour
rPois    .         Spirit   .   (helmet unavailable)
rElec    .         Reflect  .   u - +0 cloak
rCorr    .         Harm     .   k - +0 pair of gloves
MR       +....                  q - +0 pair of boots
Stlth    ..........             (no amulet)
HPRegen  0.29/turn              s - +2 ring of protection
MPRegen  0.18/turn              t - +3 ring of strength

@: lethally poisoned (-16 -> -16), very slow
A: permanent stasis, dig shafts and tunnels, four strong arms, antennae 3
a: Dig, Bend Time, Temporal Distortion, Slouch, Step From Time, Renounce
Religion


You were in the Dungeon.
You worshipped Cheibriados.
Cheibriados was exalted by your worship.
You were not hungry.

You visited 1 branch You collected 1909 gold pieces.
You spent 313 gold pieces at shops.

Inventory:

Hand Weapons
 p - a +2 scimitar of flaming (weapon)
 y - a +0 triple sword
 z - the +8 autumn katana {slice, Clar}
   (You found it in the Dungeon)

   It inflicts extra damage upon your enemies.
   It protects you against confusion.
Armour
 k - a +0 pair of gloves (worn)
 q - a +0 pair of boots (worn)
 u - a +0 cloak (worn)
 v - the -3 pair of gloves of the Original Sin {*Corrode rF- rN+ Str+8}
   (You bought it in a shop in the Dungeon)

   It affects your strength (+8).
   It makes you vulnerable to fire.
   It protects you from negative energy.
   It may corrode you when you take damage.
 A - a +2 plate armour (worn)
 B - a +1 large shield (worn)
Jewellery
 s - a +2 ring of protection (left hand)
 t - a +3 ring of strength (right hand)
 w - an uncursed ring of protection from fire
Wands
 o - a wand of acid (10)
Scrolls
 b - a scroll of identify
 h - a scroll of fog
 j - 4 scrolls of enchant armour
 m - 4 scrolls of remove curse
 n - 2 scrolls of amnesia
 C - 2 scrolls of enchant weapon
Potions
 a - a potion of agility
 d - 3 potions of might
 e - 8 potions of curing
 i - 4 potions of magic
 l - a potion of invisibility
Comestibles
 f - 10 rations


   Skills:
 + Level 15.4 Fighting
 * Level 18.9 Long Blades
 + Level 15.5 Armour
 - Level 16.5 Shields
 + Level 13.9 Invocations


You had 12 spell levels left.
You didn't know any spells.

Dungeon Overview and Level Annotations

Branches:
Dungeon (1/1)

Altars:
Cheibriados
Dithmenos
Elyvilon
Fedhas
Gozag
Hepliaklqana
Kikubaaqudgha
Makhleb
Nemelex Xobeh
Okawaru
Qazlal
Ru
Sif Muna
Trog
Uskayaw
Vehumet
Wu Jian
Xom
Yredelemnul
Zin
The Shining One
Beogh
Jiyva
Lugonu

Shops:
D [[*:


Innate Abilities, Weirdness & Mutations

You cannot be hasted, slowed, berserked, paralysed or teleported.
You can dig through walls and to a lower floor.
Your four strong arms can wield two-handed weapons with a shield.
You have a pair of large antennae on your head. (SInv)


Message History

Cheibriados appreciates the change of pace.
The grasping roots settle back into the ground.
You feel sick.
The thorn hunter fires a volley of thorns at you.
The volley of thorns misses you.
The volley of thorns hits the hornet.
The hornet stings you but does no damage.
You closely miss the hornet.
The hornet is severely wounded.
The thorn hunter fires a volley of thorns at you.
You block the volley of thorns. You block the hornet's attack.
You slash the hornet! You burn the hornet.
You kill the hornet!
Cheibriados thoroughly appreciates the change of pace.
The thorn hunter fires a volley of thorns at you.
The volley of thorns hits you!
* * * LOW HITPOINT WARNING * * *
You feel sick. You block the thorn hunter's attack. x2
The thorn hunter fires a volley of thorns at you.
The volley of thorns hits you!
You die... {{{{{{{{{{{{{{{ ▓▓▓▓▓▓▓▓▓▓▓▓▓▓▓♣♣♣♣♣♣♣♣♣ ..............††@fn..†..{ {{{{{{{

.▓▓▓▓▓▓▓▓▓▓▓▓▓▓♣♣♣♣♣♣♣♣♣♣▓▓▓▓▓▓▓▓
.................................
▓▓▓▓▓▓▓▓▓▓▓▓▓▓▓▓▓▓▓▓▓▓▓▓▓▓▓▓▓▓▓▓▓
.........'..==.)))..)))..[[[[.[[.
.▓▓▓▓▓▓▓▓▓▓▓▓▓▓▓▓▓▓▓▓▓▓▓▓▓▓▓▓▓▓▓▓
.................................
▓▓▓▓▓▓▓▓▓▓▓▓▓▓▓▓▓▓▓▓▓▓▓▓▓▓▓▓▓▓▓▓▓
.........†.())......)))).[)'.....


You could see a thorn hunter and a bog body.

Vanquished Creatures
  A very ugly thing (D)
  Snorg (D)
  2 ettins (D)
  A ghost crab (D)
  3 hydras (D)
  4 ogre magi (D)
  A two-headed ogre (D)
  Urug (D)
  3 orc high priests (D)
  5 deep trolls (D)
  A shambling mangrove (D)
  An orc knight (D)
  A deep elf mage (D)
  A spiny frog (D)
  A kobold demonologist (D)
  4 yaktaurs (D)
  4 trolls (D)
  2 hornets (D)
  4 tyrant leeches (D)
  A blink frog (D)
  A dream sheep (D)
  A hippogriff (D)
  A vampire (D)
  2 basilisks (D)
  A steam dragon (D)
  3 yaks (D)
  A vampire mosquito (D)
  3 water moccasins (D)
  2 porcupines (D)
  13 orc warriors (D)
  An eye of draining (D)
  A necrophage (D)
  An ogre (D)
  2 crocodiles (D)
  A centaur (D)
  9 bullfrogs (D)
  A crimson imp (D)
  A hound (D)
  An orc priest (D)
  An orc wizard (D)
  2 shadow imps (D)
  An ooze (D)
  A leopard gecko (D)
  7 orcs (D)
  2 bats (D)
  A bat skeleton (D)
  A giant cockroach (D)
  2 goblins (D)
  A frilled lizard (D)
  A jackal zombie (D)
108 creatures vanquished.

Vanquished Creatures (others)
  A thorn hunter (D)
  A hydra (D)
  A tyrant leech (D)
3 creatures vanquished.

Grand Total: 111 creatures vanquished

Notes
Turn   | Place    | Note
-------+----------+-------------------------------------------
     0 | D        | Faca the Formicid Fighter began the quest for the Orb.
     0 | D        | Reached XP level 1. HP: 18/18 MP: 1/1
    23 | D        | Reached XP level 2. HP: 24/25 MP: 2/2
    46 | D        | Reached skill level 5 in Shields
    46 | D        | Reached XP level 3. HP: 6/31 MP: 3/3
   300 | D        | Found a roughly hewn altar of Beogh.
   300 | D        | Found a snail-covered altar of Cheibriados.
   300 | D        | Found a shadowy altar of Dithmenos.
   300 | D        | Found a white marble altar of Elyvilon.
   300 | D        | Found a blossoming altar of Fedhas.
   300 | D        | Found an opulent altar of Gozag.
   301 | D        | Found a hazy altar of Hepliaklqana.
   302 | D        | Found a viscous altar of Jiyva.
   303 | D        | Found an ancient bone altar of Kikubaaqudgha.
   304 | D        | Became a worshipper of Cheibriados the Contemplative
   305 | D        | Found a corrupted altar of Lugonu.
   306 | D        | Found a burning altar of Makhleb.
   307 | D        | Found a sparkling altar of Nemelex Xobeh.
   308 | D        | Found an iron altar of Okawaru.
   309 | D        | Found a stormy altar of Qazlal.
   310 | D        | Found a sacrificial altar of Ru.
   311 | D        | Found a deep blue altar of Sif Muna.
   312 | D        | Found a bloodstained altar of Trog.
   313 | D        | Found a hide-covered altar of Uskayaw.
   314 | D        | Found a radiant altar of Vehumet.
   315 | D        | Found an ornate altar of the Wu Jian Council.
   316 | D        | Found a shimmering altar of Xom.
   317 | D        | Found a basalt altar of Yredelemnul.
   318 | D        | Found a glowing silver altar of Zin.
   319 | D        | Found a glowing golden altar of the Shining One.
   355 | D        | Noticed an ogre
   355 | D        | Noticed a bullfrog
   355 | D        | Noticed a bullfrog
   355 | D        | Noticed a necrophage
   355 | D        | Noticed a bullfrog
   358 | D        | Killed an ogre
   358 | D        | Reached skill level 5 in Fighting
   358 | D        | Reached skill level 5 in Long Blades
   358 | D        | Reached skill level 5 in Armour
   358 | D        | Reached XP level 4. HP: 27/40 MP: 4/4
   358 | D        | Reached XP level 5. HP: 31/46 MP: 5/5
   364 | D        | Killed a bullfrog
   364 | D        | Reached * piety under Cheibriados
   364 | D        | Reached skill level 6 in Long Blades
   369 | D        | Reached XP level 6. HP: 25/53 MP: 6/6
   371 | D        | Reached ** piety under Cheibriados
   371 | D        | Reached skill level 7 in Long Blades
   374 | D        | Killed a necrophage
   374 | D        | Reached skill level 8 in Long Blades
   378 | D        | Reached *** piety under Cheibriados
   378 | D        | Reached XP level 7. HP: 27/60 MP: 7/7
   546 | D        | Noticed a deep elf mage
   546 | D        | Noticed a steam dragon
   546 | D        | Noticed a two-headed ogre
   546 | D        | Noticed an eight-headed hydra
   548 | D        | Noticed a red devil
   551 | D        | Killed a deep elf mage
   551 | D        | Reached skill level 10 in Long Blades
   551 | D        | Reached XP level 8. HP: 59/69 MP: 7/11
   557 | D        | Killed a two-headed ogre
   557 | D        | Reached **** piety under Cheibriados
   557 | D        | Reached skill level 11 in Long Blades
   557 | D        | Reached skill level 10 in Shields
   557 | D        | Reached skill level 5 in Invocations
   557 | D        | Reached XP level 9. HP: 66/76 MP: 7/13
   560 | D        | Killed a five-headed hydra
   560 | D        | Reached skill level 10 in Fighting
   560 | D        | Reached skill level 12 in Long Blades
   560 | D        | Reached skill level 10 in Armour
   574 | D        | Reached ***** piety under Cheibriados
   861 | D        | Reached XP level 10. HP: 85/85 MP: 14/16
   863 | D        | Reached ****** piety under Cheibriados
   868 | D        | Reached skill level 13 in Long Blades
   884 | D        | Noticed a five-headed hydra
   893 | D        | Killed a three-headed hydra
   908 | D        | Reached skill level 14 in Long Blades
   985 | D        | Noticed a spiny frog
   994 | D        | Reached skill level 10 in Invocations
  1016 | D        | Killed a spiny frog
  1016 | D        | Reached XP level 11. HP: 63/94 MP: 18/18
  1205 | D        | Noticed Urug
  1232 | D        | Killed Urug
  1517 | D        | Reached skill level 15 in Long Blades
  1611 | D        | Noticed an orc knight
  1611 | D        | Noticed an orc high priest
  1619 | D        | Killed an orc knight
  1636 | D        | Killed an orc high priest
  1721 | D        | Noticed an orc high priest
  1724 | D        | Noticed a sixfirhy
  1732 | D        | Noticed an orc high priest
  1733 | D        | Killed an orc high priest
  1738 | D        | Killed an orc high priest
  1738 | D        | Reached skill level 16 in Long Blades
  2046 | D        | Found Niock's Antique Armour Emporium.
  2046 | D        | Noticed a deep troll
  2046 | D        | Noticed an ogre mage
  2046 | D        | Noticed an ogre mage
  2046 | D        | Noticed an ogre mage
  2051 | D        | Killed a deep troll
  2056 | D        | Noticed an ogre mage
  2058 | D        | Reached XP level 12. HP: 104/104 MP: 19/21
  2062 | D        | Killed an ogre mage
  2069 | D        | Killed an ogre mage
  2072 | D        | Killed an ogre mage
  2072 | D        | Reached skill level 15 in Shields
  2077 | D        | Killed an ogre mage
  2082 | D        | Found Cyununk's Antique Armour Shoppe.
  2084 | D        | Noticed a deep troll
  2086 | D        | Noticed a deep troll
  2091 | D        | Noticed a deep troll
  2095 | D        | Killed a deep troll
  2095 | D        | Reached skill level 17 in Long Blades
  2100 | D        | Killed a deep troll
  2107 | D        | Killed a deep troll
  2441 | D        | Found Lefis's Assorted Antiques.
  2445 | D        | Found Utolet's Book Shoppe.
  2450 | D        | Noticed a deep troll
  2459 | D        | Killed a deep troll
  2461 | D        | Bought a pair of brightly glowing gloves for 313 gold pieces
  2485 | D        | Identified the cursed -3 pair of gloves of the Original Sin {*Corrode rF- rN+ Str+8} (You bought it in a shop in the Dungeon)
  2590 | D        | Found the +8 autumn katana {slice, Clar}
  2662 | D        | Noticed an ettin
  2666 | D        | Noticed an ettin
  2674 | D        | Noticed a red very ugly thing
  2676 | D        | Killed an ettin
  2686 | D        | Killed a red very ugly thing
  2686 | D        | Reached skill level 18 in Long Blades
  2686 | D        | Reached XP level 13. HP: 102/114 MP: 11/23
  2691 | D        | Killed an ettin
  2699 | D        | Reached skill level 15 in Armour
  2704 | D        | Reached skill level 15 in Fighting
  2822 | D        | Noticed Snorg
  2831 | D        | Killed Snorg
  2860 | D        | Noticed a four-headed hydra
  2860 | D        | Noticed a thorn hunter
  2860 | D        | Noticed a ghost crab
  2860 | D        | Noticed a five-headed hydra
  2860 | D        | Noticed a thorn hunter
  2866 | D        | Killed a one-headed hydra
  2872 | D        | Killed a five-headed hydra
  2872 | D        | Killed a thorn hunter
  2881 | D        | Killed a ghost crab
  2895 | D        | Killed from afar by a thorn hunter

Vault maps used:
D:        linesprint

Skill      XL: |  1  2  3  4  5  6  7  8  9 10 11 12 13 |
---------------+----------------------------------------+-----
Shields        | 4 5 6 7 8 9 10 11 13 14 16 | 16.5
Fighting       | 4 5 6 7 8 9 10 11 13 14 15 | 15.4
Armour         | 4 5 6 7 8 9 10 12 13 14 15 | 15.5
Long Blades    | 5 6 8 10 11 12 14 16 18 | 18.9
Invocations    | 4 5 8 10 12 13 | 13.9

Action                   |  1- 3 |  4- 6 |  7- 9 | 10-12 | 13-15 || total
-------------------------+-------+-------+-------+-------+-------++-------
Melee: Long sword        |    38 |       |       |       |       ||    38
       Scimitar          |     3 |    20 |    40 |   262 |    29 ||   354
       Katana            |       |       |       |    26 |    19 ||    45
  Use: Scroll            |       |       |       |     2 |       ||     2
       Potion            |       |       |       |     1 |     3 ||     4
  Eat: Ration            |       |       |       |     1 |       ||     1
Armor: Scale mail        |    15 |     6 |       |       |       ||    21
       Plate armour      |       |       |    12 |    62 |    32 ||   106
Dodge: Dodged            |    12 |     5 |     8 |    42 |     8 ||    75
Block: Shield            |    19 |    12 |    26 |   145 |       ||   202
       Large shield      |       |       |       |    12 |    62 ||    74
       Rpst.: Long sword |     5 |       |       |       |       ||     5
       Scimitar          |       |     3 |     1 |    12 |     2 ||    18

Table legend:
 A = Spawn XP
 B = Non-spawn XP
 C = Spawn XP percentage of total XP
 D = Spawn monster count
 E = Non-spawn monster count
 F = Spawn count percentage of total count
 G = Total turns spent on level
                    A         B        C        D         E        F      G
               +---------+---------+-------+---------+---------+-------+---------
         Total |       0 |   34509 |   0.0 |       0 |     109 |   0.0 |  2895
               +---------+---------+-------+---------+---------+-------+---------
             D |       0 |   34509 |   0.0 |       0 |     109 |   0.0 |  2895
               +---------+---------+-------+---------+---------+-------+---------
